 Dungeon Crawl Stone Soup version 0.28.0 (webtiles) character file.

Game seed: 7161085673094420789

44 enile the Skirmisher (level 3, -6/31 HPs)
             Began as a Formicid Fighter on Feb 15, 2022.
             Was a Follower of Wu Jian.
             Killed by divine providence
             ... invoked by an orc priest
              (12 damage)
             ... on level 2 of the Dungeon.
             The game lasted 00:02:19 (1564 turns).

enile the Skirmisher (Formicid Fighter)             Turns: 1564, Time: 00:02:19

Health: -6/31      AC:  6    Str: 20    XL:     3   Next: 85%
Magic:  3/3        EV:  9    Int:  7    God:    Wu Jian [*.....]
Gold:   41         SH:  6    Dex: 12    Spells: 2/2 levels left

rFire   . . .      SeeInvis +   a - +0 quarterstaff
rCold   . . .      Faith    .   c - +1 buckler
rNeg    . . .      Spirit   .   b - +0 scale mail
rPois   .          Reflect  .   (helmet unavailable)
rElec   .          Harm     .   (no cloak)
rCorr   .          Rampage  .   (no gloves)
Will    .....                   (no boots)
Stlth   ..........              (no amulet)
HPRegen 0.10/turn               (no ring)
MPRegen 0.08/turn               (no ring)

@: mighty
A: permanent stasis, dig shafts and tunnels, antennae 3, four strong arms
a: Dig, Shaft Self, Renounce Religion


You were on level 2 of the Dungeon.
You worshipped Wu Jian.
Wu Jian was aware of your devotion.
You visited 1 branch of the dungeon, and saw 3 of its levels.

You collected 41 gold pieces.

Inventory:

Hand Weapons
 a - a +0 quarterstaff (weapon)
 f - a +3 dagger
Armour
 b - a +0 scale mail (worn)
 c - a +1 buckler (worn)
 k - a +0 kite shield
Jewellery
 j - an amulet of regeneration
Scrolls
 h - 2 scrolls of identify {unknown}
 i - a scroll of vulnerability {unknown}
 l - a scroll of magic mapping {unknown}
 m - a scroll of teleportation {unknown}


   Skills:
 + Level 4.6 Fighting
 - Level 2.1 Staves
 - Level 3.3 Armour
 - Level 4.0 Shields


You had 2 spell levels left.
You didn't know any spells.
Your spell library contained the following spells:

 Spells                   Type           Power      Damage    Failure   Level
 Apportation              Tloc           0%         N/A       85%         1


Dungeon Overview and Level Annotations

Branches:
Dungeon (3/15)

Altars:
Wu Jian


Innate Abilities, Weirdness & Mutations

You cannot be hasted, slowed, berserked, paralysed or teleported.
You can dig through walls and to a lower floor.
You have a pair of large antennae on your head. (SInv)
Your four strong arms can wield two-handed weapons with a shield.


Message History

The orc priest hits you with a +0 hand axe.
You sock the orc priest!
The orc priest is heavily wounded.
The orc hits you with a +0 war axe. You block the orc's attack.
The orc priest hits you with a +0 hand axe.
The orc hits you with a +0 war axe.
Okay, then.
It was a potion of haste.
Your stasis prevents you from being hasted.
The orc barely misses you. You block the orc priest's attack.
The orc barely misses you.
You spin and attack the orc priest.
You thump the orc priest!
The orc priest is severely wounded.
You spin to attack the orc, but your attack speed is too slow for a blow to land.
The orc hits you but does no damage.
You spin to attack the orc priest, but your attack speed is too slow for a blow to land.
The orc priest hits you but does no damage.
You spin and attack the orc.
You barely miss the orc.
You spin and attack the orc priest.
You completely miss the orc priest.
The orc priest is severely wounded.
The orc priest hits you with a +0 hand axe.
* * * LOW HITPOINT WARNING * * *
The orc barely misses you.
You spin and attack the orc.
You closely miss the orc.
The orc is severely wounded.
There is a stone staircase leading up here.
The orc priest barely misses you.
You climb upwards.
There is a stone staircase leading down here.
As you read the scroll labelled UDIEMU ZUJUQ, it crumbles to dust.
It is a scroll of enchant armour.
Your +0 buckler glows green for a moment.
You block the orc priest's attack.
You feel very mighty all of a sudden. The orc priest closely misses you.
You hit the orc priest.
The orc priest is almost dead.
The orc priest invokes the aid of Beogh against you.
Beogh smites you!
You die...

#.........#.# #.........
#.^.........# #.........
#.........### #.........
#.........# #.........
#.........# ####.........
#.........# #..+.....†...
#..†(.....# #.##.........
#...)...o.###.÷...##.##.#
###.....@................
#.##########..#.##.##.#
#.##..........#....##.#
#....########†#######.#
###...................#
#..............######
#(.............# #
#..............# #
#.........†....# #


You could see an orc priest.

Vanquished Creatures
  An adder (D:2)
  A dart slug (D:1)
  4 bats
  2 endoplasms
  A giant cockroach (D:2)
  7 goblins
  A hobgoblin (D:1)
  3 jackals (D:2)
  3 ball pythons
  4 frilled lizards
  A kobold (D:2)
  2 rats
30 creatures vanquished.

Notes
Turn   | Place    | Note
-------+----------+-------------------------------------------
     0 | D:1      | enile the Formicid Fighter began the quest for the Orb.
     0 | D:1      | Reached XP level 1. HP: 18/18 MP: 1/1
   233 | D:1      | Reached XP level 2. HP: 24/24 MP: 2/2
   854 | D:1      | Found a faded altar of an unknown god.
   862 | D:1      | Got Plato's Volume of Orientation
   867 | D:1      | Prayed at the altar of an unknown god.
   867 | D:1      | Became a worshipper of the Wu Jian Council
   867 | D:1      | Reached * piety under Wu Jian
  1231 | D:2      | Reached XP level 3. HP: 29/30 MP: 3/3
  1564 | D:2      | Killed from afar by an orc priest

Illustrated notes

Levels and vault maps discovered:
D:1:      tarquinn_simple_flora_water_e, layout_basic,
          shapermc_ecumenical_altar_rom_forum
D:2:      layout_basic
D:3:      layout_rooms, minmay_misc_feat_room, minmay_starry_boxes, uniq_ijyb

Skill      XL: |  1  2  3 |
---------------+----------+-----
Fighting       | 4 |  4.6
Shields        | 4 |  4.0
Staves         | |  2.1
Armour         | |  3.3

Action                   || total
-------------------------++-------
Melee: Quarterstaff      ||    84
Invok: Whirlwind         ||    14
       Lunge             ||     3
  Use: Potion            ||     2
       Scroll            ||     1
Armor: Scale mail        ||    29
Dodge: Dodged            ||    45
Block: Buckler           ||    19
